 Dungeon Crawl Stone Soup version 0.31-a0-1611-g890cdf5628 (webtiles) character file.

Game seed: 12842074251154391405

478 Laraso the Firebug (level 6, 0/67 HPs)
             Began as a Draconian Fire Elementalist on Jan 9, 2024.
             Slain by a gnoll bouda
             ... wielding a +0 club
              (3 damage)
             ... on level 4 of the Dungeon.
             The game lasted 00:04:16 (2936 turns).

Laraso the Firebug (Draconian Fire Elementalist)    Turns: 2936, Time: 00:04:16

Health: 0/67       AC: 23    Str: 10    XL:     6   Next: 86%
Magic:  0/12       EV:  2    Int: 17    God:
Gold:   141        SH:  0    Dex: 12    Spells: 6/13 levels left

rFire   . . .        e - +2 club (spect)
rCold   . . .        (no shield)
rNeg    . . .        (body armour unavailable)
rPois   +            (helmet currently unavailable)
rElec   .            (cloak currently unavailable)
rCorr   .            (gloves currently unavailable)
SInv    .            (boots currently unavailable)
Will    .....        (no amulet)
Stlth   ++           (no ring)
HPRegen 0.31/turn    (no ring)
MPRegen 0.13/turn

%: no passive effects
@: tree-form, weakened
A: stationary, stasis, torment immunity, boosted hp, AC +6, unfitting armour,
(cold-blooded)
a: no special abilities


You were on level 4 of the Dungeon.
You were a tree.
You visited 1 branch of the dungeon, and saw 4 of its levels.

You collected 141 gold pieces.

Inventory:

Hand Weapons
 e - a +2 spectral club (weapon)
Scrolls
 d - 2 scrolls of fog
 l - a scroll of enchant armour
Potions
 a - a potion of magic
 g - a potion of enlightenment {unknown}
 i - a potion of mutation {unknown}


   Skills:
 - Level 1.7 Dodging
 - Level 1.7 Stealth
 - Level 4.0 Spellcasting
 * Level 4.3 Conjurations
 * Level 5.2 Fire Magic


You had 6 spell levels left.
You knew the following spells:

 Your Spells              Type           Power      Damage    Failure   Level
a - Foxfire               Conj/Fire      76%        2x1d7     2%          1
b - Scorch                Fire           42%        2d6       2%          2
v - Flame Wave            Conj/Fire      19%        2d7       22%         4

Your spell library contained the following spells:

 Spells                   Type           Power      Damage    Failure   Level
 Magic Dart               Conj           72%        1d6       2%          1
 Searing Ray              Conj           36%        2d5       4%          2
 Inner Flame              Hex/Fire       12%        N/A       16%         3
 Volatile Blastmotes      Fire/Tloc      24%        2d12      16%         3
 Hailstorm                Conj/Ice       10%        3d6       21%         3
 Summon Ice Beast         Ice/Summ       3%         N/A       43%         3
 Fulminant Prism          Conj/Alch      5%         3d7       54%         4
 Sculpt Simulacrum        Ice/Alch       1%         N/A       100%        6


Dungeon Overview and Level Annotations

Branches:
Dungeon (4/15)
 Temple: D:4-7

Altars:


Innate Abilities, Weirdness & Mutations

You are a tree.
Your roots penetrate the ground, keeping you stationary.
You cannot be teleported.
You are immune to unholy pain and torment.
Your maximum health is greatly increased.
Your equipment is partially melded.
((Your plain brown scales are hard. (AC +6)))
You cannot fit into any form of body armour.
((You are cold-blooded and may be slowed by cold attacks.))


Message History

The gnoll bouda is moderately wounded.
Your +2 spectral club completely misses the gnoll bouda.
The jackal bites you but does no damage.
The gnoll bouda gazes fiercely through you!
You feel as though you will be weak longer.
The gnoll bouda hits you but does no damage.
The jackal bites you but does no damage.
The gnoll bouda hits you but does no damage.
You hit the gnoll bouda but do no damage.
The gnoll bouda is moderately wounded.
Your +2 spectral club hits the gnoll bouda but does no damage.
The jackal bites you but does no damage. x2
The gnoll bouda hits you but does no damage.
The orc barely misses you.
Unknown command.
Casting: Flame Wave (dangerous; 22% risk of failure)
Confirm with . or Enter, or press ? or * to list all spells.
Casting: Flame Wave (dangerous; 22% risk of failure)
Press: ? - help, Dir - look around, f - activate A wave of flame ripples out!
The flame wave engulfs the gnoll bouda but does no damage.
The gnoll bouda is moderately wounded.
The flame wave engulfs the jackal!
You kill the jackal! (Press . to intensify the flame waves.)
Your +2 spectral club disappears.
The gnoll bouda barely misses you. The orc hits you but does no damage.
Unknown command.
A wave of flame ripples out!
The flame wave engulfs the gnoll bouda.
The gnoll bouda is heavily wounded.
The flame wave engulfs the orc!
You kill the orc!
The gnoll bouda hits you but does no damage.
Unknown command.
Unknown command.
A wave of flame ripples out!
The flame wave engulfs the gnoll bouda.
The gnoll bouda is heavily wounded.
You finish channelling waves of flame.
The gnoll bouda hits you with a +0 club.
You die...

# # # # # ######### #
........# ############
......g♣#####.........##
......)†#...#.........##
......†.))..+.........#.
........#)..#.........#.
.########.).#.........#.
#...#.........#.
..#####...#...........
..........#######...).
........#...........÷.


You could see a gnoll bouda.

Vanquished Creatures
  Sigmund (D:2)
  A phantom (D:4)
  A hound (D:4)
  An iguana (D:4)
  Jessica (D:3)
  3 adders
  5 gnolls (D:4)
  A ribbon worm (D:3)
  2 dart slugs (D:1)
  2 orcs
  5 endoplasms
  A giant cockroach (D:3)
  7 goblins
  6 hobgoblins
  6 jackals
  A quokka (D:2)
  9 ball pythons
  6 bats
  5 frilled lizards
  3 kobolds
  5 rats
72 creatures vanquished.

Vanquished Creatures (others)
  50 foxfires
50 creatures vanquished.

Grand Total: 122 creatures vanquished

Notes
Turn   | Place    | Note
-------+----------+-------------------------------------------
     0 | D:1      | Laraso the Draconian Fire Elementalist began the quest for
                  | the Orb.
     0 | D:1      | Reached XP level 1. HP: 14/14 MP: 3/3
   127 | D:1      | Reached XP level 2. HP: 20/20 MP: 1/5
   799 | D:1      | Reached XP level 3. HP: 26/26 MP: 7/7
  1119 | D:2      | Learned a level 2 spell: Scorch
  1166 | D:2      | Noticed Sigmund
  1192 | D:2      | Killed Sigmund
  1193 | D:2      | Reached skill level 4 in Fire Magic
  1193 | D:2      | Reached XP level 4. HP: 33/33 MP: 0/10
  1193 | D:2      | Reached XP level 5. HP: 38/38 MP: 0/11
  1667 | D:2      | Found a faded altar of an unknown god.
  1680 | D:2      | Learned a level 4 spell: Flame Wave
  2013 | D:3      | Noticed Jessica
  2019 | D:3      | Killed Jessica
  2245 | D:3      | Reached XP level 6. HP: 45/45 MP: 7/12
  2674 | D:4      | Identified a scroll of acquirement
  2674 | D:4      | Acquired a book of Conjurations
  2678 | D:4      | Reached skill level 5 in Fire Magic
  2930 | D:4      | HP: 2/45 [gnoll bouda/+0 club (6)]
  2936 | D:4      | Slain by a gnoll bouda

Illustrated notes

Levels and vault maps discovered:
D:1:      heliophobic_arrival_enchanted_forest, layout_basic
D:2:      layout_basic, shapermc_ecumenical_altar_totnotflames,
          minmay_misc_feat_rows, uniq_sigmund
D:3:      layout_rooms, uniq_jessica
D:4:      layout_basic, grunt_temple_overflow_gold_and_silver, vehumet_statue,
          mainiacjoe_overflow_alcove_1, corexii_item_surrounded_by_moat

Skill      XL: |  1  2  3  4  5  6 |
---------------+-------------------+-----
Spellcasting   | 3 4 |  4.0
Conjurations   | 2 3 4 |  4.3
Fire Magic     | 4 5 |  5.2
Dodging        | |  1.7
Stealth        | |  1.7

Action                     |  1- 3 |  4- 6 || total
---------------------------+-------+-------++-------
  Melee: Unarmed           |    37 |       ||    37
         Punch             |     2 |     1 ||     3
         Dagger            |    13 |     3 ||    16
         Whip              |     5 |       ||     5
         Tailslap          |     5 |     4 ||     9
         Club              |       |    20 ||    20
   Cast: Foxfire           |    31 |       ||    31
         Scorch            |     5 |    46 ||    51
         Flame Wave        |       |     2 ||     2
    Use: Scroll            |     4 |     4 ||     8
         Potion            |       |     3 ||     3
   Stab: Sleeping          |     2 |       ||     2
 Armour: Skin              |    32 |    50 ||    82
  Dodge: Dodged            |    57 |    42 ||    99

Table legend: (Time is in decaauts)
 A = Elapsed time spent in this place.
 B = Non-inter-level travel time spent in this place.
 C = Inter-level travel time spent in this place.
 D = Time resting spent in this place.
 E = Time spent auto-exploring this place.
 F = Levels seen in this place.
 G = Mean time per level.
                   A        B        C        D        E       F      G
               +--------+--------+--------+--------+--------+-----+--------+
         Total |   2940 |   2862 |     78 |    341 |   2007 |   4 |  735.0 |
       Dungeon |   2940 |   2862 |     78 |    341 |   2007 |   4 |  735.0 |
               +--------+--------+--------+--------+--------+-----+--------+

Top non-repeatable levels by time:
     D:1: 966 daAuts
     D:2: 889 daAuts
     D:3: 692 daAuts
     D:4: 391 daAuts
